 Dungeon Crawl Stone Soup version 0.28.0 (webtiles) character file.

Game seed: 5392274675823510506

459 GrayStillPlays the Skirmisher (level 6, -1/53 HPs)
             Began as a Draconian Fighter on Feb 10, 2022.
             Slain by a wyvern zombie (9 damage)
             ... on level 4 of the Dungeon.
             The game lasted 00:11:59 (3968 turns).

GrayStillPlays the Skirmisher (Draconian Fighter)   Turns: 3968, Time: 00:12:00

Health: -1/53      AC: 17    Str: 18    XL:     6   Next: 78%
Magic:  11/11      EV: 12    Int: 10    God:
Gold:   80         SH:  4    Dex: 11    Spells: 12/12 levels left

rFire   . . .      SeeInvis .   q - +1 flail (protect) {mace}
rCold   . . .      Faith    .   b - +0 buckler
rNeg    . . .      Spirit   .   (armour unavailable)
rPois   .          Reflect  .   (helmet restricted)
rElec   .          Harm     .   p - +0 cloak
rCorr   .          Rampage  .   r - +1 pair of gloves
Will    .....                   l - +0 pair of boots
Stlth   +.........              (no amulet)
HPRegen 0.17/turn               (no ring)
MPRegen 0.12/turn               (no ring)

@: under a protective aura
A: AC +6, unfitting armour, cold-blooded
a: no special abilities


You were on level 4 of the Dungeon.
You visited 1 branch of the dungeon, and saw 4 of its levels.
You also visited: Sewer.

You collected 80 gold pieces.


Innate Abilities, Weirdness & Mutations

Your plain brown scales are hard. (AC +6)
You cannot fit into any form of body armour.
You are cold-blooded and may be slowed by cold attacks.


   Skills:
 + Level 4.5 Fighting
 - Level 2.0 Axes
 - Level 2.5 Throwing
 + Level 3.7 Dodging
 - Level 4.0 Shields
 * Level 3.5 Spellcasting


You had 12 spell levels left.
You didn't know any spells.
Your spell library was empty.

Inventory:

Hand Weapons
 a - a +0 war axe {axe}
 o - a +1 short sword of venom {short}
   (You took it off an orc on level 3 of the Dungeon)
 q - a +1 flail of protection (weapon) {mace}
   (You took it off Edmund on level 4 of the Dungeon)
Missiles
 e - a javelin (quivered) {throwing}
 g - 38 arrows
 j - 74 stones {throwing}
Armour
 b - a +0 buckler (worn)
 l - a +0 pair of boots (worn)
   (You found it on level 2 of the Dungeon)
 p - a +0 cloak (worn)
   (You found it on level 3 of the Dungeon)
 r - a +1 pair of gloves (worn)
   (You found it on level 4 of the Dungeon)
Magical Staves
 u - a staff of earth {!astaff}
   (You found it on level 4 of the Dungeon)
Scrolls
 d - a scroll of fear {unknown}
 f - a scroll of enchant weapon {unknown}
 h - a scroll of immolation {unknown}
 i - a scroll of silence {unknown}
 k - a scroll of teleportation {unknown}
Potions
 c - 4 potions of might
 m - 2 potions of brilliance {unknown}
 n - 4 potions of haste {unknown}
 s - a potion of mutation {unknown}
 t - a potion of invisibility {unknown}

Dungeon Overview and Level Annotations

Branches:
Dungeon (4/15)              Sewer (visited)
 Temple: D:4-7

Altars:

Shops:
D:1 : D:2

=[
..................#.#
.###..####.###S#.##.#
. ##.# .# # #.##.#
#.# #.###.#.##.# ..
......#.##.#####.# #
. ........)..$.....#
.# ####.##.##########
..# #. #Z# ..##
#.##@# .... ####....#
#### ........#
#######.# #.# ###.#
#.######...#
#........#.#
########...#


You could see a wyvern zombie.


Message History

You hit the orc wizard but do no damage.
The orc wizard looks even sicker.
The orc wizard closely misses you.
Your unstable footing causes you to fumble your attack.
An orc comes into view. It is wielding a +4 mace.
The orc shouts!
The orc misses you.
You block the orc wizard's attack. 😕 HP[+1]
You hit the orc wizard.
The orc wizard looks as sick as possible!
You kill the orc wizard!
The orc closely misses you.
You puncture the orc!
You kill the orc!
You barely miss the orc. You tail-slap the orc.
The orc hits you with a +4 mace. 😮 HP[-6]
You take 6 damage, and now have 37/53 hp.
You hit the orc.
The orc is poisoned.
The orc closely misses you.
You hit the orc.
You kill the orc! 😮 HP[+1]
Items here: )))) [[ †.
Okay, then.
Things that are here:
a +0 falchion {long}; a +0 robe You start resting. 😎 HP[+15]
Your hp is fully restored (53).
Items here: )))) [[ †.
You see here a +0 dagger {short}.
You see here a +0 dagger {short}.
Items here: )))) [[ †.
Found a stone staircase leading down.
Items here: )))) [[ †.
There is a stone staircase leading down here.
You see here a javelin {throwing}.
You see here a staff of earth {!astaff}.
u - a staff of earth {!astaff}
There is a stone staircase leading down here.
You see here a javelin {throwing}.
A goblin comes into view. It is wielding a +0 club.
The goblin shouts!
The goblin hits you but does no damage.
You puncture the goblin!
You kill the goblin!
No target in view!
You see here a +0 club {mace}.
A wyvern zombie comes into view.
Throw: 2 javelins {throwing}
Press: ? - help, Q - select action, (/) - cycle Shift-Dir - straight line, f - wyvern zombie
Aim: a wyvern zombie (wandering, hasn't noticed you, 78% to hit)
You throw a javelin {throwing}.
The javelin {throwing} pierces through the wyvern zombie!
You hit the wyvern zombie. The wyvern zombie closely misses you.
You hit the wyvern zombie. You tail-slap the wyvern zombie.
The wyvern zombie closely misses you.
The wyvern zombie completely misses you.
You hit the wyvern zombie. You block the wyvern zombie's attack.
You barely miss the wyvern zombie. The wyvern zombie bites you.
The wyvern zombie bites you! 😮 HP[-14]
You take 14 damage, and now have 39/53 hp.
MASSIVE DAMAGE!! (PAUSE)
You hit the wyvern zombie but do no damage.
The wyvern zombie barely misses you. 😕 HP[+1]
You hit the wyvern zombie.
The wyvern zombie bites you but does no damage.
You hit the wyvern zombie. You tail-slap the wyvern zombie.
The wyvern zombie bites you! The wyvern zombie misses you. 😮 HP[-10]
You take 10 damage, and now have 30/53 hp.
You hit the wyvern zombie. The wyvern zombie bites you!
* * * LOW HITPOINT WARNING * * *
😨 HP[-7]
You take 7 damage, and now have 23/53 hp.
You hit the wyvern zombie but do no damage.
The wyvern zombie barely misses you. The wyvern zombie bites you.
* * * LOW HITPOINT WARNING * * *
😨 HP[-6]
You take 6 damage, and now have 17/53 hp.
You completely miss the wyvern zombie. The wyvern zombie bites you.
* * * LOW HITPOINT WARNING * * *
😨 HP[-2]
You take 2 damage, and now have 15/53 hp.
The wyvern zombie barely misses you.
You see here a +0 club {mace}.
The wyvern zombie closely misses you.
Your +1 short sword of venom {short} stops dripping with poison.
Your +1 flail of protection {mace} hums with potential!
q - a +1 flail of protection (weapon)
{mace} 😨 HP[+1]
You sock the wyvern zombie!
Your weapon exudes an aura of protection.
The wyvern zombie closely misses you. The wyvern zombie bites you!
* * * LOW HITPOINT WARNING * * *
😱 HP[-8]
You take 8 damage, and now have 8/53 hp.
You completely miss the wyvern zombie. The wyvern zombie bites you!
You die...

Skill      XL: |  1  2  3  4  5  6 |
---------------+-------------------+-----
Spellcasting   | 1 2 3 |  3.5
Dodging        | 3 |  3.7
Throwing       | 1 2 |  2.5
Fighting       | 4 |  4.5
Shields        | 4 |  4.0
Axes           | |  2.0

Action                   |  1- 3 |  4- 6 || total
-------------------------+-------+-------++-------
Melee: War axe           |    91 |       ||    91
       Tailslap          |     4 |    14 ||    18
       Short sword       |       |   131 ||   131
       Flail             |       |     2 ||     2
Throw: Javelin           |     7 |    17 ||    24
Armor: Skin              |    31 |    48 ||    79
Dodge: Dodged            |    52 |    75 ||   127
Block: Buckler           |    21 |    28 ||    49

Levels and vault maps discovered:
D:1:      dpeg_arrival_central, layout_basic, serial_shops, shop,
          hex_intersection
D:2:      layout_loops_ring, serial_shops, shop, nicolae_shop_crystal,
          dreamdust_ecumenical_altar_statues
D:3:      layout_basic, serial_park_tiny_2, bh_walls_and_bars
D:4:      layout_loops_ring, minmay_temple_entry_trees, gup_sewer_entry_pipe,
          uniq_edmund

Notes
Turn   | Place    | Note
-------+----------+-------------------------------------------
     0 | D:1      | GrayStillPlays the Draconian Fighter began the quest for
                  | the Orb.
     0 | D:1      | Reached XP level 1. HP: 19/19 MP: 1/1
     0 | D:1      | magus.rc [v1.9.6]
   196 | D:1      | Reached XP level 2. HP: 23/26 MP: 1/3
   207 | D:1      | Reached skill level 1 in Spellcasting
   218 | D:1      | Found Kaapn's Book Shop.
  1159 | D:2      | Found Hidiexto's Antique Armour Emporium.
  1211 | D:2      | Reached XP level 3. HP: 25/31 MP: 5/5
  1319 | D:2      | Reached skill level 3 in Dodging
  1613 | D:2      | Found a faded altar of an unknown god.
  1653 | D:2      | Found Yrut's Jewellery Shop.
  1985 | D:3      | Reached skill level 2 in Spellcasting
  1985 | D:3      | Reached XP level 4. HP: 40/40 MP: 5/7
  2441 | D:3      | Reached skill level 1 in Throwing
  2860 | D:4      | Noticed Edmund
  2887 | D:4      | HP: 10/40 [Edmund (5)]
  2896 | D:4      | HP: 6/40 [Edmund (4)]
  2900 | D:4      | Killed Edmund
  2901 | D:4      | Reached skill level 4 in Fighting
  2901 | D:4      | Reached XP level 5. HP: 7/46 MP: 7/9
  3177 | D:4      | Reached skill level 2 in Throwing
  3215 | D:4      | Reached skill level 3 in Spellcasting
  3215 | D:4      | Reached XP level 6. HP: 51/52 MP: 10/10
  3335 | D:4      | Found a glowing drain.
  3345 | Sewer    | Entered a sewer
  3487 | Sewer    | Noticed Pargi
  3509 | Sewer    | Killed Pargi
  3662 | Sewer    | Reached skill level 4 in Shields
  3967 | D:4      | HP: 8/53 [wyvern zombie (8)]
  3968 | D:4      | Slain by a wyvern zombie

Vanquished Creatures
  Edmund (D:4)
  Pargi (Sewer)
  An orc priest (D:4)
  2 orc wizards (D:4)
  An iguana (D:4)
  A hound skeleton (D:3)
  6 adders
  A worm (D:3)
  8 orcs
  4 bats
  5 endoplasms
  5 giant cockroaches
  6 goblins
  8 hobgoblins
  5 jackals
  6 quokkas
  5 ball pythons
  7 frilled lizards
  9 kobolds
  5 rats
87 creatures vanquished.

Table legend:
 A = Non-vault XP
 B = Vault XP
 C = Vault XP percentage of total XP
 D = Non-vault monster count
 E = Vault monster count
 F = Vault count percentage of total count
                 A         B        C        D         E       F
            +---------+---------+-------+---------+---------+-------
      Total |     331 |     326 |  49.6 |      71 |      16 |  18.4
            +---------+---------+-------+---------+---------+-------
        D:1 |      37 |       0 |   0.0 |      22 |       0 |   0.0
        D:2 |      49 |       0 |   0.0 |      17 |       0 |   0.0
        D:3 |      60 |       0 |   0.0 |      16 |       0 |   0.0
        D:4 |     185 |     171 |  48.0 |      16 |       8 |  33.3
      Sewer |       0 |     155 | 100.0 |       0 |       8 | 100.0
            +---------+---------+-------+---------+---------+-------

Illustrated notes

Table legend:
 A = Kills in this place as a percentage of kills in entire the game.
 B = Kills by you in this place as a percentage of kills by you in the entire game.
 C = Kills by friends in this place as a percentage of kills by friends in the entire game.
 D = Other kills in this place as a percentage of other kills in the entire game.
 E = Experience gained in this place as a percentage of experience gained in the entire game.
 F = Experience gained in this place divided by the number of levels of this place that you have seen.
                   A       B       C       D       E      F
               +-------+-------+-------+-------+-------+----------------------
         Total | 100.0 | 100.0 |   N/A |   N/A | 100.0 | 131.4
       Dungeon |  90.8 |  90.8 |   N/A |   N/A |  76.4 | 125.5
         Sewer |   9.2 |   9.2 |   N/A |   N/A |  23.6 | 155.0
               +-------+-------+-------+-------+-------+----------------------

Table legend: (Time is in decaauts)
 A = Elapsed time spent in this place.
 B = Non-inter-level travel time spent in this place.
 C = Inter-level travel time spent in this place.
 D = Time resting spent in this place.
 E = Time spent auto-exploring this place.
 F = Levels seen in this place.
 G = Mean time per level.
                   A        B        C        D        E       F      G
               +--------+--------+--------+--------+--------+-----+--------+
         Total |   4092 |   3701 |    391 |    655 |   2064 |   5 |  818.4 |
       Dungeon |   3680 |   3289 |    391 |    505 |   2031 |   4 |  920.0 |
         Sewer |    411 |    411 |      0 |    150 |     33 |   1 |  411.0 |
               +--------+--------+--------+--------+--------+-----+--------+

Top non-repeatable levels by time:
     D:1: 1181 daAuts
     D:4: 994 daAuts
     D:2: 777 daAuts
     D:3: 727 daAuts
   Sewer: 411 daAuts
